AoeStats
← lokigr13

Arena

509592567Analyzed
4v4 RM · 5d ago on Sep 27, 2026· 82m 21s· 8 players
Game mode
Random Map
Map size
Large (8 player)
Population
200
Speed
Normal
Resources
Standard
Victory
Conquest
Starting age
Dark Age
Ending age
Imperial Age
RankedLock teamsTeams togetherTeam positionsShared explorationLock speedFull tech treeHidden civsTurbo modeCheats
Victory
Defeat
🇩🇪 Saxons · Germany
842
+11
🇬🇷 Huns · Greece
793
+13
🇩🇪 Japanese · Germany
785
+14
🇷🇴 Poles · Romania
751
+15
🇨🇳 Persians · China
760
-14
🇨🇳 Franks · China
757
-14
🇨🇳 Mongols · China
749
-14
🇨🇳 Burgundians · China
681
-24
觅桃豚
9:42 Loom
11:29 Feudal Age
15:08 Wheelbarrow
17:14 Castle Age
15:04 Double-Bit Axe
29:49 Gold Mining
29:49 Stone Mining
30:12 Forging
30:08 Scale Barding Armor
30:18 Bow Saw
33:59 Imperial Age
31:47 Hand Cart
31:17 Town Watch
32:10 Iron Casting
31:48 Treadmill Crane
32:21 Fortified Wall
32:44 Chain Barding Armor
33:27 Gold Shaft Mining
33:34 Husbandry
32:56 Light Cavalry
33:48 Fletching
34:01 Cavalier
35:46 Blast Furnace
35:22 Plate Barding Armor
35:54 Chemistry
36:08 Murder Holes
36:34 Ballistics
35:37 Paladin
37:12 Conscription
38:02 Masonry
40:04 Hoardings
41:26 Siege Engineers
41:51 Architecture
41:56 Bodkin Arrow
怎么就违规了
6:22 Loom
11:17 Feudal Age
11:53 Double-Bit Axe
17:11 Castle Age
16:54 Forging
18:35 Horse Collar
24:56 Fletching
25:15 Scale Barding Armor
25:10 Padded Archer Armor
26:43 Wheelbarrow
26:02 Town Watch
26:51 Stone Mining
26:52 Gold Mining
26:59 Bodkin Arrow
28:13 Hand Cart
28:49 Stone Shaft Mining
28:49 Gold Shaft Mining
29:23 Heavy Plow
29:47 Chain Barding Armor
29:51 Bloodlines
29:43 Husbandry
31:26 Fortified Wall
31:37 Bow Saw
32:31 Ballistics
32:07 Murder Holes
35:24 Imperial Age
32:59 Town Patrol
33:33 Caravan
35:55 Masonry
35:42 Elite Mangudai
36:47 Conscription
36:49 Drill
37:06 Hoardings
37:54 Chemistry
37:20 Bracer
37:36 Leather Archer Armor
37:21 Scale Mail Armor
37:57 Iron Casting
37:44 Heavy Scorpion
40:34 Heavy Camel Rider
54:37 Blast Furnace
56:16 Capped Ram
57:40 Siege Ram
73:37 Light Cavalry
76:30 Hussar
78:11 Nomads
龙吟凤舞
10:21 Feudal Age
9:12 Loom
11:09 Double-Bit Axe
11:09 Horse Collar
17:03 Castle Age
19:17 Stone Mining
19:29 Heavy Plow
19:40 Bow Saw
24:53 Fletching
27:04 Murder Holes
28:11 Town Watch
28:41 Bloodlines
29:28 Wheelbarrow
29:23 Gold Mining
29:54 Husbandry
31:00 Forging
31:14 Ballistics
31:47 Hand Cart
35:27 Imperial Age
34:43 Gold Shaft Mining
34:18 Bodkin Arrow
34:29 Scale Barding Armor
34:35 Herbal Medicine
35:15 Cavalier
36:59 Chain Barding Armor
37:15 Iron Casting
36:50 Savar
43:05 Citadels
42:57 Light Cavalry
KelvinXing
4:10 Loom
9:36 Feudal Age
15:52 Wheelbarrow
18:28 Castle Age
16:41 Double-Bit Axe
16:37 Horse Collar
19:32 Town Watch
20:03 Hand Cart
20:14 Bow Saw
20:06 Heavy Plow
20:12 Husbandry
20:24 Cavalier
25:04 Two-Man Saw
25:23 Gold Mining
26:46 Forging
27:35 Town Patrol
32:19 Imperial Age
32:42 Iron Casting
32:13 Scale Barding Armor
32:59 Crop Rotation
32:29 Stone Mining
33:15 Gold Shaft Mining
34:26 Burgundian Vineyards
34:15 Paladin
37:53 Blast Furnace
48:54 Pikeman
49:37 Squires
49:44 Squires
49:38 Halberdier
54:15 Guilds
54:24 Scale Mail Armor
57:23 Chain Mail Armor
58:09 Blast Furnace
60:08 Plate Mail Armor
61:38 Fletching
63:15 Bodkin Arrow
73:18 Chemistry
lokigr13
10:48 Feudal Age
10:32 Loom
15:00 Castle Age
13:06 Double-Bit Axe
24:31 Horse Collar
26:54 Gold Mining
28:18 Wheelbarrow
28:05 Bow Saw
32:01 Imperial Age
30:10 Scale Barding Armor
30:16 Forging
30:11 Marauders
30:36 Hand Cart
31:21 Chain Barding Armor
31:24 Husbandry
31:35 Bloodlines
31:42 Heavy Plow
33:03 Iron Casting
32:08 Elite Tarkan
33:27 Plate Barding Armor
34:32 Two-Man Saw
35:08 Blast Furnace
46:25 Pikeman
47:08 Scale Mail Armor
47:33 Halberdier
48:57 Chain Mail Armor
71:35 Light Cavalry
72:38 Caravan
76:23 Hussar
PulseHex
0:31 Loom
12:14 Feudal Age
13:26 Horse Collar
15:35 Wheelbarrow
17:14 Castle Age
15:49 Double-Bit Axe
19:12 Heavy Plow
19:35 Gold Mining
23:05 Hand Cart
23:32 Bow Saw
23:59 Scale Mail Armor
24:00 Stone Mining
24:02 Gold Mining
28:09 Scale Mail Armor
28:20 Forging
28:17 Scale Barding Armor
29:24 Gold Shaft Mining
30:00 Chain Mail Armor
30:22 Iron Casting
33:51 Imperial Age
31:15 Pikeman
32:44 Squires
32:32 Arson
34:31 Chain Barding Armor
34:12 Padded Archer Armor
34:02 Fletching
34:16 Caravan
34:57 Conscription
35:24 Crop Rotation
35:49 Plate Mail Armor
35:23 Halberdier
35:28 Shield Wall
37:28 Bodkin Arrow
37:48 Leather Archer Armor
37:49 Elite Hearth Troop
41:17 Ring Archer Armor
40:47 Bracer
40:12 Elite Hearth Troop
41:02 Gambesons
42:50 Two-Man Saw
42:34 Hoardings
47:21 Chemistry
46:39 Town Watch
47:20 Ballistics
48:28 Town Patrol
48:24 Capped Ram
52:01 Masonry
51:57 Siege Ram
63:59 Coinage
65:13 Banking
70:00 Architecture
69:45 Siege Engineers
69:36 Murder Holes
69:51 Fortified Wall
69:57 Fortified Wall
69:39 Guard Tower
69:36 Arrowslits
Iulius Caeddar
0:28 Loom
11:01 Feudal Age
12:50 Stone Mining
15:28 Horse Collar
19:07 Castle Age
22:43 Heavy Plow
23:12 Double-Bit Axe
25:03 Fletching
25:52 Szlachta Privileges
26:22 Bow Saw
26:48 Bodkin Arrow
28:17 Wheelbarrow
28:31 Bloodlines
29:22 Husbandry
29:44 Forging
31:01 Iron Casting
30:33 Scale Barding Armor
31:54 Caravan
36:54 Imperial Age
36:40 Gold Mining
38:07 Chain Barding Armor
37:44 Cavalier
39:35 Blast Furnace
44:30 Chemistry
61:38 Light Cavalry
65:49 Winged Hussar
woojt92
5:24 Loom
6:00 Loom
14:15 Feudal Age
16:24 Wheelbarrow
15:33 Horse Collar
15:42 Double-Bit Axe
15:52 Gold Mining
20:12 Forging
20:02 Scale Mail Armor
19:27 Man-at-Arms
20:06 Fletching
20:13 Stone Mining
20:36 Town Watch
23:08 Castle Age
24:25 Hand Cart
24:13 Heavy Plow
24:27 Bow Saw
25:25 Iron Casting
25:22 Treadmill Crane
25:40 Murder Holes
26:42 Gold Shaft Mining
27:10 Squires
26:55 Arson
29:56 Chain Mail Armor
31:51 Fortified Wall
34:05 Bodkin Arrow
34:41 Town Patrol
38:37 Imperial Age
36:41 Guard Tower
40:20 Blast Furnace
39:51 Plate Mail Armor
39:27 Elite Samurai
42:00 Two-Man Saw
41:07 Bracer
41:31 Ballistics
43:11 Keep
42:22 Arrowslits
43:21 Kataparuto
43:48 Yasama
45:14 Chemistry
44:25 Masonry
58:52 Capped Ram
61:16 Heavy Scorpion
Connection lost

Rejoining the realm…

Still unreachable

The connection could not be restored.

Session expired

The server has moved on; the page needs a fresh start.